 Dungeon Crawl Stone Soup version 0.29.1-15-g9cfb28693d (webtiles) character file.

Game seed: 10743529642986394472

3495 H0rd4k the Fighter (level 10, -5/80 HPs)
             Began as a Human Artificer on May 2, 2023.
             Shot with an arrow by a centaur (12 damage)
             ... on level 8 of the Dungeon on May 3, 2023.
             The game lasted 00:15:03 (14648 turns).

H0rd4k the Fighter (Human Artificer)               Turns: 14648, Time: 00:15:04

Health: -5/80      AC:  4    Str: 12    XL:     10   Next: 28%
Magic:  18/18      EV: 14    Int: 28    God:
Gold:   492        SH:  0    Dex: 13    Spells: 19/19 levels left

rFire   . . .      SeeInvis .   d - +6 mace (elec)
rCold   . . .      Faith    +   (no shield)
rNeg    . . .      Spirit   .   t - +1 leather armour of Ewoban {Harm Int+5}
rPois   .          Reflect  .   (no helmet)
rElec   .          Harm     +   (no cloak)
rCorr   .          Rampage  .   (no gloves)
Will    .....                   (no boots)
Stlth   +++.......              v - amulet of faith
HPRegen 0.23/turn               e - +6 ring of intelligence
MPRegen 0.16/turn               (no ring)

@: no status effects
A: no striking features
a: no special abilities


You were on level 8 of the Dungeon.
You visited 2 branches of the dungeon, and saw 9 of its levels.

You collected 492 gold pieces.

Inventory:

Hand Weapons
 d - a +6 mace of electrocution (weapon)
 m - a +0 morningstar
 B - a +1 rapier of venom
Missiles
 p - a throwing net
 w - 11 poisoned darts
Armour
 t - the +1 leather armour of Ewoban (worn) {Harm Int+5}
   (You found it on level 3 of the Dungeon)

   Int:       It affects your intelligence (+5).
   Harm:      It increases damage dealt and taken.
Magical Staves
 k - a staff of earth
Jewellery
 c - a +6 ring of dexterity
 e - a +6 ring of intelligence (left hand)
 v - an amulet of faith (around neck)
 y - a +6 ring of intelligence
Wands
 h - a wand of charming (11)
 o - a wand of quicksilver (3)
 z - a wand of iceblast (8)
Scrolls
 a - 2 scrolls of teleportation
 b - a scroll of magic mapping {unknown}
 f - 4 scrolls of fog
 g - a scroll of fear
 l - a scroll of identify
 n - a scroll of noise
 s - a scroll of amnesia {unknown}
 u - 2 scrolls of vulnerability
Potions
 i - a potion of lignification {unknown}
 j - a potion of flight
 q - 5 potions of curing
 r - a potion of might {unknown}
 x - 2 potions of mutation
 A - a potion of haste {unknown}
 C - a potion of resistance {unknown}


   Skills:
 + Level 8.2 Fighting
 + Level 2.9 Maces & Flails
 - Level 2.3 Armour
 + Level 6.8 Dodging
 + Level 6.2 Stealth
 * Level 5.3 Spellcasting
 - Level 3.4 Evocations


You had 19 spell levels left.
You didn't know any spells.
Your spell library contained the following spells:

 Spells                   Type           Power      Damage    Failure   Level
 Slow                     Hex            28%        N/A       9%          1
 Call Canine Familiar     Summ           7%         N/A       24%         3
 Confusing Touch          Hex            7%         N/A       24%         3
 Gell's Gravitas          Tloc           7%         N/A       24%         3
 Lesser Beckoning         Tloc           7%         N/A       24%         3
 Portal Projectile        Hex/Tloc       14%        N/A       24%         3
 Teleport Other           Tloc           7%         N/A       24%         3
 Vampiric Draining        Necr           7%         2d6       24%         3
 Fulminant Prism          Conj/Hex       3%         3d6       63%         4
 Iskenderun's Mystic Bla  Conj/Tloc      7%         2d4       63%         4
 Leda's Liquefaction      Hex/Erth       3%         N/A       63%         4
 Lee's Rapid Deconstruct  Erth           3%         3d6*      92%         5


Dungeon Overview and Level Annotations

Branches:
Dungeon (8/15)             Temple (1/1) D:5
   Lair: D:8-11

Altars:
Ashenzari
Cheibriados
Dithmenos
Elyvilon
Fedhas
Hepliaklqana
Kikubaaqudgha
Makhleb
Nemelex Xobeh
Okawaru
Qazlal
Ru
Trog
Uskayaw
Vehumet
Wu Jian
Xom
Yredelemnul
Zin
The Shining One

Shops:
D:3 :   D:4 *(:(=

Annotations:
D:2 1 runed translucent door, exclusion: door, Crazy Yiuf
D:3 3 runed translucent doors, exclusion: 3 doors, engelados's ghost, amateur PaCj
D:4 exclusion: downstairs
D:7 1 runed translucent door, exclusion: door, BaBoi's ghost, novice FoFi


Message History

A centaur comes into view.
Found a stone staircase leading up.
The centaur shouts!
The steam dragon hisses angrily.
The centaur wields a +0 shortbow.
The centaur shoots an arrow.
The arrow barely misses you.
The centaur shoots an arrow.
The arrow hits you but does no damage. The steam dragon closely misses you.
The steam dragon barely misses you.
You barely miss the steam dragon. The steam dragon bites you.
The steam dragon claws you.
You closely miss the steam dragon.
The centaur shoots an arrow.
The arrow barely misses you. The steam dragon bites you!
The steam dragon completely misses you.
The centaur shoots an arrow.
The arrow hits you. The steam dragon bites you. The steam dragon claws you.
You barely miss the steam dragon. The steam dragon completely misses you.
The steam dragon claws you.
The centaur unwields a +0 shortbow.
The centaur hits you but does no damage.
The centaur misses you.
You hit the steam dragon.
The steam dragon is lightly wounded.
The centaur barely misses you. The centaur closely misses you.
The steam dragon bites you! The steam dragon closely misses you.
You sock the steam dragon!
The steam dragon is heavily wounded.
The centaur barely misses you. x2; The centaur misses you.
The centaur barely misses you. The steam dragon bites you.
The steam dragon claws you.
You closely miss the steam dragon.
The steam dragon is heavily wounded.
The centaur misses you. The centaur closely misses you.
The steam dragon breathes steam at you. The ball of steam hits you!
* * * LOW HITPOINT WARNING * * *
The centaur barely misses you.
The centaur kicks you but does no damage.
The steam dragon bites you.
* * * LOW HITPOINT WARNING * * *
The steam dragon claws you but does no damage.
The centaur wields a +0 shortbow.
The centaur shoots an arrow.
The arrow misses you.
The centaur shoots an arrow.
The arrow hits you!
You die...

##P.# #..# #..# .
####### ####..#
..##+####.....####.....#
.......................#
##.......###..#######.##
#........# #)## #.# #@§#
#.# #.#
######§.###.###### ..#
......Dc.............##
............#########
............#
##...##.....# #<..
####### #.. #..


You could see a steam dragon (catching breath) and a centaur.

Vanquished Creatures
  An unseen horror zombie (D:7)
  Sigmund (D:3)
  A wyvern (D:8)
  A steam dragon (D:7)
  Duvessa (D:6)
  A water moccasin (D:7)
  2 orc warriors (D:7)
  An ice beast (D:7)
  An ogre (D:5)
  4 phantoms
  4 bullfrogs
  A kobold brigand (D:7)
  2 scorpions
  2 necrophages (D:7)
  Dowan (D:6)
  A wight (D:7)
  2 bullfrog zombies (D:7)
  2 hounds
  2 centaur zombies (D:7)
  A jelly (D:4)
  A human zombie (D:7)
  An orc priest (D:4)
  Jessica (D:2)
  Terence (D:2)
  5 iguanas
  2 orc wizards
  A killer bee zombie (D:7)
  3 mummies (D:7)
  8 adders
  7 gnolls
  3 shadow imps
  A white imp (D:6)
  An ufetubus (D:6)
  2 worms (D:4)
  23 orcs
  3 ball pythons
  5 endoplasms
  A giant cockroach (D:2)
  8 goblins
  7 hobgoblins
  8 jackals
  13 kobolds
  3 quokkas
  A bat (D:1)
  8 frilled lizards
  5 rats
154 creatures vanquished.

Vanquished Creatures (collateral kills)
  A centaur (D:5)
  A kobold brigand (D:7)
  A jelly (D:5)
  An orc priest (D:7)
  A hound (D:6)
  A gnoll bouda (D:7)
  An orc wizard (D:7)
  A white imp (D:7)
  5 orcs
  3 jackals
  3 kobolds (D:7)
19 creatures vanquished.

Vanquished Creatures (others)
  An ogre (D:6)
  A scorpion (D:6)
  A gnoll sergeant (D:8)
  A jelly (D:5)
  2 orcs (D:7)
  An endoplasm (D:3)
  A quokka (D:7)
  A kobold (D:7)
  19 plants
28 creatures vanquished.

Grand Total: 201 creatures vanquished

Notes
Turn   | Place    | Note
-------+----------+-------------------------------------------
     0 | D:1      | H0rd4k the Human Artificer began the quest for the Orb.
     0 | D:1      | Reached XP level 1. HP: 15/15 MP: 1/1
   154 | D:1      | Reached XP level 2. HP: 21/21 MP: 2/2
   464 | D:1      | Found a faded altar of an unknown god.
  1131 | D:1      | HP: 1/21 [kobold/+0 dagger (3)]
  1636 | D:2      | Reached skill level 1 in Maces & Flails
  1636 | D:2      | Reached XP level 3. HP: 21/26 MP: 3/3
  2332 | D:2      | Found a snail-covered altar of Cheibriados.
  2582 | D:2      | Noticed Terence
  2583 | D:2      | Killed Terence
  2584 | D:2      | Reached XP level 4. HP: 32/32 MP: 4/4
  2651 | D:2      | Found a runed translucent door.
  2652 | D:2      | Noticed Crazy Yiuf
  2867 | D:2      | Noticed Jessica
  2874 | D:2      | Killed Jessica
  2875 | D:2      | Reached XP level 5. HP: 33/38 MP: 5/5
  3521 | D:3      | Identified the +1 leather armour of Ewoban {Harm Int+5}
  3719 | D:3      | Found Veujak's Book Shoppe.
  3749 | D:3      | Reached skill level 2 in Fighting
  4025 | D:3      | Noticed Sigmund
  4057 | D:3      | Found a runed translucent gate.
  4057 | D:3      | Found a runed translucent gate.
  4057 | D:3      | Found a runed translucent gate.
  4062 | D:3      | Noticed engelados's ghost (amateur PaCj)
  4066 | D:3      | Killed Sigmund
  4067 | D:3      | Reached skill level 1 in Spellcasting
  4067 | D:3      | Reached XP level 6. HP: 25/46 MP: 5/8
  4893 | D:4      | Found Sumoruph's General Store.
  4936 | D:4      | Found Metahag's Weapon Boutique.
  4973 | D:4      | Reached skill level 3 in Fighting
  4973 | D:4      | Reached XP level 7. HP: 46/52 MP: 8/10
  5187 | D:4      | Found Plog's Antique Weapon Shoppe.
  5229 | D:4      | Found Qufow's Jewellery Emporium.
  5485 | D:4      | Found a large runed translucent door.
  5486 | D:4      | Found a large runed translucent door.
  5564 | D:4      | Found a hazy altar of Hepliaklqana.
  5830 | D:4      | Found Bysocy's Book Shop.
  6023 | D:4      | Found a stormy altar of Qazlal.
  6286 | D:4      | Found a glowing silver altar of Zin.
  6299 | D:4      | Found an ornate altar of the Wu Jian Council.
  6367 | D:5      | Entered Level 5 of the Dungeon
  6479 | D:5      | Reached skill level 4 in Fighting
  6716 | D:5      | Reached XP level 8. HP: 29/60 MP: 12/12
  7060 | D:5      | Found a staircase to the Ecumenical Temple.
  7081 | Temple   | Entered the Ecumenical Temple
  7535 | D:5      | Found a snail-covered altar of Cheibriados.
  7703 | D:5      | Found a shadowy altar of Dithmenos.
  7729 | D:5      | Reached skill level 5 in Fighting
  8327 | D:6      | HP: 3/63 [poisoned by a scorpion]
  9043 | D:6      | Reached XP level 9. HP: 18/69 MP: 14/14
  9336 | D:6      | Reached skill level 6 in Fighting
  9336 | D:6      | Reached skill level 5 in Dodging
  9336 | D:6      | Reached skill level 5 in Stealth
  9721 | D:6      | Noticed Duvessa
 10080 | D:6      | Found a radiant altar of Vehumet.
 10226 | D:7      | Found a runed translucent door.
 10226 | D:7      | Noticed BaBoi's ghost (novice FoFi)
 10535 | D:7      | Found a basalt altar of Yredelemnul.
 10701 | D:7      | Identified the +3 ring mail of the Tundras {Will+ rCorr
                  | MP-9 Dex+3}
 11051 | D:7      | Reached skill level 7 in Fighting
 12270 | D:7      | Reached skill level 5 in Spellcasting
 12270 | D:7      | Reached XP level 10. HP: 5/77 MP: 17/17
 12715 | D:6      | Noticed Dowan
 12728 | D:6      | Killed Duvessa
 12737 | D:6      | Killed Dowan
 13793 | D:7      | Found a white marble altar of Elyvilon.
 13894 | D:7      | Reached skill level 8 in Fighting
 14258 | D:8      | Found a blossoming altar of Fedhas.
 14294 | D:8      | Found an iron altar of Okawaru.
 14648 | D:8      | Shot with an arrow by a centaur

Illustrated notes

Levels and vault maps discovered:
D:1:      dpeg_arrival_round_a, layout_basic,
          dilly_ecumenical_altar_fadedgnrine, nicolae_kite_square_tiling_tiny,
          minmay_quantized
D:2:      layout_basic, basic_altar, lexackson_kobold_supper, uniq_jessica,
          uniq_crazy_yiuf_cottage, uniq_terence
D:3:      layout_loops_cross, gammafunk_ghost_necromancy, serial_shops, shop,
          saegor_snake_ambush, uniq_sigmund
D:4:      layout_basic, kennysheep_mini_moat, jmf_multi_god_temple2,
          grunt_qazlal_sundering, serial_shops, nicolae_square_shop,
          nicolae_shop_competitors_out_of_business,
          nicolae_shop_bloodbath_and_beyond, shop_coins, shop
D:5:      layout_rooms, nicolae_dithmenos_shadow_blocks, cheibriados_altar_1,
          minmay_temple_entry_junction_2, serial_bayou_lagoon_b
D:6:      layout_basic, mainiacjoe_overflow_concentric_impassable,
          grunt_decor_fettered, uniq_duvessa
D:7:      layout_cave_pods, lemuel_mausoleum_altar_yredelemnul,
          elyvilon_altar_4, hellmonk_ghost_happy_afterlife, minivault_25
D:8:      corexii_shantytown, layout_gridville, nicolae_overflow_hidden_temple,
          nicolae_gozag_cash_rules_everything_around_me, old_standard_altar,
          hangedman_decor_slide_cut
Temple:   kb_temple_of_zot

Skill      XL: |  1  2  3  4  5  6  7  8  9 10 |
---------------+-------------------------------+-----
Maces & Flails | 1 2 |  2.9
Dodging        | 2 3 4 6 |  6.8
Stealth        | 2 3 4 6 |  6.2
Fighting       | 2 3 4 5 7 8 |  8.2
Spellcasting   | 1 2 3 5 |  5.3
Armour         | |  2.3
Evocations     | |  3.4

Action                   |  1- 3 |  4- 6 |  7- 9 | 10-12 || total
-------------------------+-------+-------+-------+-------++-------
Melee: Club              |   136 |       |       |       ||   136
       Punch             |     1 |     1 |     2 |     1 ||     5
       Morningstar       |       |    92 |   351 |       ||   443
       Mace              |       |       |       |    59 ||    59
Evoke: Wand              |     4 |    12 |    41 |     3 ||    60
  Use: Potion            |       |       |     3 |     1 ||     4
       Scroll            |       |       |     9 |     4 ||    13
 Stab: Sleeping          |     2 |     1 |    10 |     1 ||    14
Armor: Leather armour    |    47 |    27 |    82 |    14 ||   170
Dodge: Dodged            |    96 |    58 |   307 |    60 ||   521
